 Dungeon Crawl Stone Soup version 0.28-a0-32-g8dfe7f97f6 (webtiles) character file.

Game seed: 15291979691689058414

12101 Demosthentine the Spear-Bearer (level 11, 0/136 HPs)
             Began as a Merfolk Gladiator on July 28, 2021.
             Was a Follower of the Shining One.
             Shot with an arrow by a centaur warrior (20 damage)
             ... on level 11 of the Dungeon.
             The game lasted 00:16:21 (11228 turns).

Demosthentine the Spear-Bearer (Merfolk Gladiator) Turns: 11228, Time: 00:16:22

Health: 0/136      AC: 25    Str: 16    XL:     11   Next: 88%
Magic:  15/15      EV:  2    Int: 17    God:    the Shining One [*.....]
Gold:   480        SH: 10    Dex: 17    Spells: 10/10 levels left

rFire   . . .      SeeInvis .   a - +1 trident (vorpal)
rCold   . . .      Faith    .   j - +0 buckler
rNeg    + + +      Spirit   .   (armour currently unavailable)
rPois   +          Reflect  +   (helmet currently unavailable)
rElec   .          Harm     .   (cloak currently unavailable)
rCorr   .          Rampage  .   (gloves currently unavailable)
Will    +....      NoTele   +   (boots currently unavailable)
Stlth   +.........              q - amulet "Mualuebb" {Reflect +Blink rN+ Int+3 SH+5}
HPRegen 0.32/turn               B - ring "Terchaux" {rPois Will+ Int+6}
MPRegen 0.14/turn               w - +4 ring of slaying

@: tree-form (expiring), on berserk cooldown, slowed, glowing, studying Armour,
very slow
A: stationary, stasis, torment immunity, boosted hp, (nimble swimmer 2),
(mertail)
a: Renounce Religion, Evoke Blink


You were on level 11 of the Dungeon.
You worshipped the Shining One.
The Shining One was aware of your devotion.
You were a tree.
You visited 2 branches of the dungeon, and saw 12 of its levels.
You also visited: Trove, Sewer and Bailey.

You collected 480 gold pieces.

Inventory:

Hand Weapons
 a - a +1 vorpal trident (weapon)
 t - the +8 executioner's axe "Demonbane" {vorpal, Will+++ Int+4 Dex+2}
   (You found it in a bailey)

   It inflicts extra damage upon your enemies.
   Int:       It affects your intelligence (+4).
   Dex:       It affects your dexterity (+2).
   Will:      It greatly increases your willpower.
Missiles
 d - 2 throwing nets (quivered)
 u - 2 curare-tipped darts
Armour
 c - a +0 helmet (melded)
 e - a +1 cloak (melded)
 h - a +0 pair of gloves (melded)
 j - a +0 buckler (worn)
 p - a +0 troll leather armour (melded) {Purgy}
Jewellery
 q - the amulet "Mualuebb" (around neck) {Reflect +Blink rN+ Int+3 SH+5}
   (You found it in a treasure trove)

   [amulet of reflection]

   It reflects blocked missile attacks.
   Int:       It affects your intelligence (+3).
   rN:        It protects you from negative energy.
   +Blink:    It lets you blink.
   SH:        It affects your SH (+5).
 w - a +4 ring of slaying (right branch)
 y - a ring of protection from cold
 A - a ring of resist corrosion
 B - the ring "Terchaux" (left branch) {rPois Will+ Int+6}
   (You found it in a treasure trove)

   [ring of intelligence]

   Int:       It affects your intelligence (+6).
   rPois:     It protects you from poison.
   Will:      It increases your willpower.
 F - the amulet "Idugais" {RegenMP *Corrode Str+4 SInv}
   (You found it in a treasure trove)

   [amulet of magic regeneration]

   It increases your rate of magic regeneration.
   Str:       It affects your strength (+4).
   SInv:      It lets you see invisible.
   *Corrode:  It may corrode you when you take damage.
 G - the amulet of Liebil {Acrobat *Slow rF+ rC++ SInv}
   (You found it in a treasure trove)

   [amulet of the acrobat]

   It increases your evasion while moving and waiting.
   rF:        It protects you from fire.
   rC:        It greatly protects you from cold.
   SInv:      It lets you see invisible.
   *Slow:     It may slow you when you take damage.
 H - the amulet of Congos {Acrobat Fly}
   (You found it in a treasure trove)

   [amulet of the acrobat]

   It increases your evasion while moving and waiting.
   Fly:       It grants you flight.
 I - the amulet "Kumozarch" {rElec Regen+ Str+2 Int+2 Slay-5}
   (You found it in a treasure trove)

   [amulet of regeneration]

   Str:       It affects your strength (+2).
   Int:       It affects your intelligence (+2).
   Slay:      It affects your accuracy & damage with ranged weapons and melee
   (-5).
   rElec:     It insulates you from electricity.
   Regen:     It increases your rate of health regeneration.
 J - the ring "Zeeh" {*Corrode rPois Str+7 Int+4}
   (You found it in a treasure trove)

   [ring of poison resistance]

   Str:       It affects your strength (+7).
   Int:       It affects your intelligence (+4).
   rPois:     It protects you from poison.
   *Corrode:  It may corrode you when you take damage.
 K - the ring of the Skies Above {rElec rF+ Str-5 Dex+6}
   (You found it in a treasure trove)

   [ring of dexterity]

   Str:       It affects your strength (-5).
   Dex:       It affects your dexterity (+6).
   rF:        It protects you from fire.
   rElec:     It insulates you from electricity.
 L - a ring of see invisible
 N - the ring of Jealousy {rElec rPois rC- EV+4 Stlth+}
   (You found it in a treasure trove)

   [ring of evasion]

   EV:        It affects your evasion (+4).
   rC:        It makes you vulnerable to cold.
   rElec:     It insulates you from electricity.
   rPois:     It protects you from poison.
   Stlth:     It makes you more stealthy.
Wands
 l - a wand of digging (6)
 r - a wand of flame (20)
Scrolls
 k - 3 scrolls of enchant armour
 o - 4 scrolls of fog
 s - 2 scrolls of identify
 z - a scroll of amnesia
 C - a scroll of fear
Potions
 b - a potion of resistance
 f - 2 potions of magic
 g - 3 potions of brilliance
 i - 4 potions of lignification
 m - a potion of flight
 n - a potion of mutation


   Skills:
 + Level 10.2 Fighting
 + Level 13.1 Polearms
 - Level 2.0 Throwing
 + Level 6.0 Armour
 + Level 12.2 Dodging
 - Level 4.0 Shields
 - Level 5.4 Invocations


You had 10 spell levels left.
You didn't know any spells.
Your spell library contained the following spells:

 Spells                   Type           Power      Damage    Failure   Level
 Magic Dart               Conj           0%         1d3       24%         1
 Call Imp                 Summ           0%         N/A       34%         2
 Corpse Rot               Necr/Air       N/A        N/A       34%         2
 Poisonous Vapours        Pois/Air       0%         N/A       34%         2
 Static Discharge         Conj/Air       0%         N/A       34%         2
 Mephitic Cloud           Conj/Pois/Air  0%         N/A       56%         3
 Cause Fear               Hex            0%         N/A       93%         4
 Dispel Undead            Necr           0%         3d6       93%         4
 Sticky Flame             Conj/Fire      0%         2d3       93%         4
 Summon Ice Beast         Ice/Summ       0%         N/A       93%         4
 Freezing Cloud           Conj/Ice/Air   0%         6-21      100%        5
 Summon Mana Viper        Hex/Summ       0%         N/A       100%        5
 Dragon Form              Tmut           0%         N/A       100%        7
 Monstrous Menagerie      Summ           0%         N/A       100%        7
 Dragon's Call            Summ           0%         N/A       100%        9


Dungeon Overview and Level Annotations

Branches:
Dungeon (11/15)            Temple (1/1) D:5            Lair (0/6) D:8
    Orc (0/2) D:9           Sewer (visited)          Bailey (visited)

Altars:
Ashenzari
Cheibriados
Dithmenos
Elyvilon
Fedhas
Gozag
Hepliaklqana
Kikubaaqudgha
Makhleb
Nemelex Xobeh
Okawaru
Qazlal
Ru
Sif Muna
Trog
Uskayaw
Vehumet
Wu Jian
Xom
Yredelemnul
Zin
The Shining One
Beogh
Jiyva

Annotations:
D:9 1 runed translucent door, exclusion: 4 orange crystal statues
D:11 Urug


Innate Abilities, Weirdness & Mutations

You are a tree.
Your roots penetrate the ground, keeping you stationary.
You cannot be teleported.
You are immune to unholy pain and torment.
Your maximum health is greatly increased.
Your equipment is partially melded.
((You are quick and stealthy near water. (Stealth+, EV+, Speed+++)))
((Your lower body shifts to a powerful aquatic tail in water.))


Message History

You reach to attack!
You hit Urug but do no damage.
Urug is moderately wounded.
You feel sick.
The centaur warrior wields a +0 longbow.
The centaur warrior shoots an arrow.
The arrow hits you but does no damage.
Urug throws a javelin.
The javelin pierces through you!
Reach: a) +1 trident (vorpal)
Press: ? - help, Dir - move target, f/p - Urug
Aim: Urug, wielding a +1 demon trident of venom, wearing a +0 scale mail and quivering javelins (moderately wounded, about 31% to evade your +1 vorpal trident)
You reach to attack!
You hit Urug.
Urug is moderately wounded.
Your transformation is almost over.
You feel sick.
The centaur warrior shoots an arrow.
The arrow hits you. You block Urug's attack.
The centaur warrior shoots an arrow.
The arrow hits you!
* * * LOW HITPOINT WARNING * * *
Reach: a) +1 trident (vorpal)
Press: ? - help, Dir - move target, f/p - Urug
Aim: Urug, wielding a +1 demon trident of venom, wearing a +0 scale mail and quivering javelins (moderately wounded, about 31% to evade your +1 vorpal trident)
You reach to attack!
You barely miss Urug.
Urug is moderately wounded.
You feel sick.
The centaur warrior shoots an arrow.
The arrow hits you!
* * * LOW HITPOINT WARNING * * *
Urug throws a javelin.
The javelin pierces through you but does no damage.
Reach: a) +1 trident (vorpal)
Press: ? - help, Dir - move target, f/p - Urug
Aim: Urug, wielding a +1 demon trident of venom, wearing a +0 scale mail and quivering javelins (moderately wounded, about 31% to evade your +1 vorpal trident)
You reach to attack!
You closely miss Urug.
Urug is moderately wounded.
You feel sick.
The centaur warrior shoots an arrow.
You reflect the arrow off an invisible shield around you!
The arrow hits the centaur warrior!!
Urug completely misses you.
You hear a bleat!
Unknown command.
You feel better.
The centaur warrior shoots an arrow.
The arrow hits you!
* * * LOW HITPOINT WARNING * * *
A dream sheep comes into view.
The centaur warrior shoots an arrow.
The arrow hits you!!
You die...

#......##,,,,,,,,,,,,,,,*,,,,,,,,
#.......#,,,,,,,,,,,,,,,*,,,,,,,,
#.......#,,,,,,,,,,,,,,,*,,,,,,,,
#.......#######,,,,,,,,,*,,,,,,,,
..............######,,,,*,.,,,,,,
...................######..,,,,,,
...........................,,,,,,
.......................Y.(.,,,,,,
...............†♣.o........,,,,,,
..................c........,,,,,,
......#....######....######,,,,,,
............,,,,#........:#,,,,,,
,,......##..,,,,#.........#,,,,<,
,,,,,,,,**,,,,,,#.........#,,,,,,
,,,,,,,,,,,,,,,,#.........#,,,,,,
,,,,,,*,,,,*,,,,#.........#,,,,,,
,,,,,,*,,,,,,,,,...........,,,,,,


You could see Urug, a centaur warrior and a dream sheep.

Vanquished Creatures
  A boulder beetle (D:11)
  A tengu warrior (D:10)
  An ugly thing (D:11)
  An unseen horror (D:10)
  Psyche (D:10)
  2 komodo dragons (D:8)
  A tengu conjurer (D:10)
  A hornet (D:9)
  Grinder (D:5)
  4 slime creatures (D:11)
  A meliai zombie (D:11)
  A shadow (D:9)
  A wraith (D:10)
  2 wyverns
  3 basilisks
  Grum (D:10)
  An acid dragon (D:8)
  A water moccasin (D:6)
  Purgy (Sewer)
  An ice beast (D:7)
  Duvessa (D:5)
  17 orc warriors
  3 black bears (D:6)
  2 ogres
  4 wolves (D:10)
  11 centaurs
  A phantom (D:7)
  3 kobold brigands
  Blork the orc (D:5)
  4 bullfrogs
  2 scorpions
  Dowan (D:5)
  A water moccasin zombie (D:7)
  7 killer bees
  A wight (D:9)
  6 electric eels (D:9)
  5 howler monkeys
  A bullfrog zombie (D:5)
  2 centaur zombies (D:9)
  A centaur skeleton (D:5)
  6 hounds
  A bullfrog skeleton (D:5)
  7 orc priests
  5 jellies
  An iguana (D:5)
  9 orc wizards
  2 killer bee zombies
  3 howler monkey zombies
  11 adders
  10 gnolls
  A howler monkey skeleton (D:7)
  2 shadow imps (D:5)
  An ufetubus (D:5)
  2 worms
  5 dart slugs
  60 orcs
  10 ball pythons
  6 endoplasms
  6 giant cockroaches
  5 goblins
  5 hobgoblins
  10 jackals
  17 kobolds
  6 quokkas
  11 bats
  6 frilled lizards
  5 rats
314 creatures vanquished.

Vanquished Creatures (others)
  24 plants (D:9)
24 creatures vanquished.

Grand Total: 338 creatures vanquished

Notes
Turn   | Place    | Note
-------+----------+-------------------------------------------
     0 | D:1      | Demosthentine the Merfolk Gladiator began the quest for the
                  | Orb.
     0 | D:1      | Reached XP level 1. HP: 16/16 MP: 1/1
   195 | D:1      | Reached XP level 2. HP: 21/23 MP: 2/2
   630 | D:1      | Reached XP level 3. HP: 28/28 MP: 3/3
  1109 | D:1      | Reached skill level 5 in Polearms
  1211 | D:2      | Reached skill level 1 in Armour
  1477 | D:2      | Reached XP level 4. HP: 28/35 MP: 4/4
  1834 | D:2      | Reached skill level 5 in Dodging
  1834 | D:2      | Found a sparkling altar of Nemelex Xobeh.
  1932 | D:2      | Reached XP level 5. HP: 26/41 MP: 5/5
  2797 | D:3      | Reached skill level 6 in Polearms
  2897 | D:3      | Reached XP level 6. HP: 41/48 MP: 6/6
  2926 | D:3      | Found a glowing drain.
  2930 | Sewer    | Entered a sewer
  2977 | Sewer    | Noticed Purgy
  2990 | Sewer    | Killed Purgy
  3185 | D:3      | Reached skill level 1 in Shields
  3350 | D:3      | Found a snail-covered altar of Cheibriados.
  3661 | D:5      | Entered Level 5 of the Dungeon
  3899 | D:4      | Reached XP level 7. HP: 43/54 MP: 7/7
  4326 | D:5      | Noticed Blork the orc
  4338 | D:5      | Killed Blork the orc
  4422 | D:5      | Reached skill level 7 in Polearms
  4583 | D:5      | Reached XP level 8. HP: 50/61 MP: 8/8
  4588 | D:5      | Reached skill level 5 in Fighting
  4628 | D:5      | Noticed Dowan
  4630 | D:5      | Noticed Duvessa
  4646 | D:5      | Killed Duvessa
  4660 | D:5      | Killed Dowan
  4809 | D:5      | Found a staircase to the Ecumenical Temple.
  4846 | Temple   | Entered the Ecumenical Temple
  4993 | Temple   | Became a worshipper of the Shining One
  5152 | D:5      | Found a radiant altar of Vehumet.
  5152 | D:5      | Found a shimmering blue altar of Sif Muna.
  5153 | D:5      | Found a white marble altar of Elyvilon.
  5157 | D:5      | Found an iron altar of Okawaru.
  5431 | D:5      | Noticed Grinder
  5452 | D:5      | Paralysed by Grinder for 4 turns
  5467 | D:5      | Killed Grinder
  5468 | D:5      | Reached skill level 8 in Polearms
  5495 | D:5      | Found a broken altar of Ashenzari.
  5887 | D:6      | Reached XP level 9. HP: 56/69 MP: 9/9
  6213 | D:6      | Reached skill level 9 in Polearms
  7181 | D:7      | Reached * piety under the Shining One
  7344 | D:8      | Reached skill level 10 in Polearms
  7428 | D:8      | Found Goudghal's Jewellery Boutique.
  7511 | D:8      | Noticed a komodo dragon
  7529 | D:8      | Killed a komodo dragon
  7530 | D:8      | Reached XP level 10. HP: 38/79 MP: 10/10
  7608 | D:8      | Reached skill level 5 in Armour
  7674 | D:8      | Reached skill level 10 in Dodging
  7706 | D:8      | Found a staircase to the Lair.
  7984 | D:8      | Found a viscous altar of Jiyva.
  8243 | D:9      | Reached skill level 11 in Polearms
  8280 | D:9      | Noticed an orange crystal statue
  8283 | D:9      | Found the +10 tower shield of Ignorance {rN+ Int-4}
  8283 | D:9      | Found a runed translucent door.
  8295 | D:9      | Found a runed translucent door.
  8351 | D:9      | Reached skill level 1 in Invocations
  8481 | D:9      | Found a staircase to the Orcish Mines.
  8799 | D:9      | Reached ** piety under the Shining One
  9479 | D:9      | Noticed an orange crystal statue
  9479 | D:9      | Noticed an orange crystal statue
  9479 | D:9      | Noticed an orange crystal statue
  9491 | D:9      | Paralysed by a hornet for 2 turns
  9591 | D:10     | Entered Level 10 of the Dungeon
  9591 | D:10     | Noticed Grum
  9608 | D:10     | Killed Grum
  9818 | D:10     | Noticed Psyche
  9831 | D:10     | Killed Psyche
  9832 | D:10     | Reached XP level 11. HP: 34/89 MP: 13/13
  9902 | D:10     | Noticed a tengu warrior
  9912 | D:10     | Killed a tengu warrior
  9913 | D:10     | Reached skill level 12 in Polearms
 10285 | D:11     | Found a portal to a secret trove of treasure.
 10289 | Trove    | Entered a treasure trove
 10293 | Trove    | Identified the amulet "Mualuebb" {Reflect +Blink rN+ Int+3
                  | SH+5}
 10295 | Trove    | Identified the ring "Terchaux" {rPois Will+ Int+6}
 10303 | Trove    | Identified the amulet "Idugais" {RegenMP *Corrode Str+4
                  | SInv}
 10305 | Trove    | Identified the amulet of Liebil {Acrobat *Slow rF+ rC++
                  | SInv}
 10307 | Trove    | Identified the amulet of Congos {Acrobat Fly}
 10309 | Trove    | Identified the amulet "Kumozarch" {rElec Regen+ Str+2 Int+2
                  | Slay-5}
 10311 | Trove    | Identified the ring "Zeeh" {*Corrode rPois Str+7 Int+4}
 10313 | Trove    | Identified the ring of the Skies Above {rElec rF+ Str-5
                  | Dex+6}
 10319 | Trove    | Identified the ring of Jealousy {rElec rPois rC- EV+4
                  | Stlth+}
 10379 | D:11     | Found a flagged portal.
 10383 | D:11     | Noticed a purple ugly thing
 10432 | D:11     | Killed a purple ugly thing
 10520 | Bailey   | Entered a bailey
 10737 | Bailey   | Reached skill level 5 in Invocations
 10887 | Bailey   | Identified the +8 executioner's axe "Demonbane" {vorpal,
                  | Will+++ Int+4 Dex+2}
 11115 | D:11     | Reached skill level 10 in Fighting
 11168 | D:11     | Noticed a boulder beetle
 11189 | D:11     | Reached skill level 13 in Polearms
 11193 | D:11     | Killed a boulder beetle
 11213 | D:11     | Noticed Urug
 11220 | D:11     | Noticed a centaur warrior
 11228 | D:11     | Shot with an arrow by a centaur warrior

Illustrated notes

Levels and vault maps discovered:
D:1:      matt_arrival_spirals, layout_loops_ring
D:2:      layout_rooms, basic_altar, amcnicky_mini_pool_small,
          grunt_ministairs_15
D:3:      layout_basic, mainiacjoe_overflow_small_starburst,
          gup_sewer_entry_bowl, grunt_ministairs_4
D:4:      layout_gridville
D:5:      layout_loops_ring, grunt_temple_overflow_open, lemuel_round_altar,
          minmay_temple_entry_poolview, uniq_duvessa, uniq_blork_the_orc,
          uniq_grinder
D:6:      layout_basic
D:7:      layout_gridville
D:8:      layout_cave_pods, erik_lair_dragon, serial_shops, nicolae_shop_trees,
          jiyva_altar_1
D:9:      layout_basic, minmay_orc_entry_temple_small, serial_bayou,
          serial_bayou_lagoon_a, serial_bayou_crossing, serial_bayou_shore_b,
          serial_bayou_lake_a, serial_bayou_shore_b, serial_bayou_pond_b,
          chequers_guarded_unrand_ignorance
D:10:     layout_loops_ring, uniq_grum, uniq_psyche
D:11:     minmay_cut_squares, layout_irregular_city, trove_entry_hex_spiral,
          enter_bailey_2, kennysheep_generic_room_10, uniq_urug
Temple:   nicolae_temple_elliptical

Skill      XL: |  1  2  3  4  5  6  7  8  9 10 11 |
---------------+----------------------------------+-----
Polearms       | 5 6 7 8 10 11 13 | 13.1
Fighting       | 3 4 6 7 9 10 | 10.2
Armour         | 1 2 3 4 5 6 |  6.0
Dodging        | 5 6 8 9 11 12 | 12.2
Shields        | 1 2 4 |  4.0
Invocations    | 3 5 |  5.4
Throwing       | |  2.0

Action                   |  1- 3 |  4- 6 |  7- 9 | 10-12 || total
-------------------------+-------+-------+-------+-------++-------
Melee: Trident           |    87 |   271 |   538 |   593 ||  1489
       Tailslap          |       |       |       |     3 ||     3
Throw: Throwing net      |       |       |     6 |       ||     6
  Use: Scroll            |     3 |     2 |     9 |     5 ||    19
       Potion            |       |       |     4 |     5 ||     9
 Stab: Sleeping          |     3 |     5 |     2 |       ||    10
Armor: Leather armour    |    31 |    65 |       |       ||    96
       Troll leather arm |       |    14 |    88 |    72 ||   174
       Skin              |       |       |       |     5 ||     5
Dodge: Dodged            |    60 |   169 |   258 |   261 ||   748
Block: Buckler           |       |       |    53 |   132 ||   185
       Reflection        |       |       |       |     3 ||     3

Table legend: (Time is in decaauts)
 A = Elapsed time spent in this place.
 B = Non-inter-level travel time spent in this place.
 C = Inter-level travel time spent in this place.
 D = Time resting spent in this place.
 E = Time spent auto-exploring this place.
 F = Levels seen in this place.
 G = Mean time per level.
                   A        B        C        D        E       F      G
               +--------+--------+--------+--------+--------+-----+--------+
         Total |  10894 |  10549 |    345 |    515 |   7141 |  15 |  726.3 |
       Dungeon |  10060 |   9716 |    344 |    515 |   6717 |  11 |  914.5 |
        Temple |    170 |    170 |      0 |      0 |    136 |   1 |  170.0 |
         Trove |     41 |     41 |      0 |      0 |      2 |   1 |   41.0 |
         Sewer |    207 |    207 |      0 |      0 |    152 |   1 |  207.0 |
        Bailey |    413 |    413 |      0 |      0 |    133 |   1 |  413.0 |
               +--------+--------+--------+--------+--------+-----+--------+

Top non-repeatable levels by time:
     D:1: 1464 daAuts
     D:9: 1291 daAuts
     D:5: 1110 daAuts
     D:3: 989 daAuts
     D:2: 948 daAuts
     D:6: 925 daAuts
     D:8: 919 daAuts
     D:7: 717 daAuts
     D:4: 653 daAuts
    D:10: 602 daAuts
    D:11: 436 daAuts
  Bailey: 413 daAuts
   Sewer: 207 daAuts
  Temple: 170 daAuts
   Trove: 41 daAuts
